 Dungeon Crawl Stone Soup version 0.28-a0-1510-gd0f6b136d3 (webtiles) character file.

Game seed: 2847335376059457886

305 Crownlay the Slasher (level 6, -4/52 HPs)
             Began as a Minotaur Gladiator on Jan 15, 2022.
             Slain by Joseph (7 damage)
             ... on level 7 of the Dungeon.
             The game lasted 00:05:01 (3771 turns).

Crownlay the Slasher (Minotaur Gladiator)           Turns: 3771, Time: 00:05:02

Health: -4/52      AC:  8    Str: 20    XL:     6   Next: 15%
Magic:  5/5        EV: 10    Int:  5    God:
Gold:   40         SH:  0    Dex: 12    Spells: 5/5 levels left

rFire   . . .      SeeInvis .   a - +0 long sword
rCold   . . .      Faith    .   (no shield)
rNeg    . . .      Spirit   .   t - +0 scale mail
rPois   .          Reflect  .   h - +1 hat
rElec   .          Harm     .   (no cloak)
rCorr   .          Rampage  .   (no gloves)
Will    .....                   b - +0 pair of boots
Stlth   ..........              (no amulet)
HPRegen 0.17/turn               (no ring)
MPRegen 0.09/turn               (no ring)

@: attractive
A: horns 2, retaliatory headbutt
a: no special abilities


You were on level 7 of the Dungeon.
You visited 1 branch of the dungeon, and saw 5 of its levels.

You collected 154 gold pieces.
You spent 114 gold pieces at shops.

Inventory:

Hand Weapons
 a - a +0 long sword (weapon)
 i - a +0 trident
Missiles
 d - 3 throwing nets (quivered)
 k - 5 curare-tipped darts
Armour
 b - a +0 pair of boots (worn)
 h - a +1 hat (worn)
 m - a +0 kite shield
 t - a +0 scale mail (worn)
Scrolls
 c - 2 scrolls of immolation
 f - a scroll of identify
 j - 2 scrolls of teleportation
 n - a scroll of fog
 o - a scroll of torment {unknown}
 q - a scroll of enchant armour {unknown}
 r - a scroll of acquirement {unknown}
Potions
 g - 2 potions of flight {unknown}
 p - a potion of resistance {unknown}
 s - a potion of invisibility {unknown}


   Skills:
 + Level 4.2 Fighting
 * Level 6.3 Long Blades
 * Level 3.9 Throwing
 - Level 3.2 Dodging


You had 5 spell levels left.
You didn't know any spells.
Your spell library contained the following spells:

 Spells                   Type           Power      Damage    Failure   Level
 Ignite Poison            Fire/Tmut/Pois 0%         N/A       99%         3
 Mephitic Cloud           Conj/Pois/Air  0%         N/A       99%         3
 Ozocubu's Armour         Ice            0%         N/A       99%         3
 Freezing Cloud           Conj/Ice/Air   0%         6-21      100%        5
 Metabolic Englaciation   Hex/Ice        0%         N/A       100%        5
 Simulacrum               Ice/Necr       0%         N/A       100%        6


Dungeon Overview and Level Annotations

Branches:
Dungeon (4/15)
 Temple: D:4-7

Altars:
Kikubaaqudgha

Shops:
D:3 **   D:7 *

Annotations:
D:7 Joseph


Innate Abilities, Weirdness & Mutations

You have a pair of horns on your head.
You reflexively headbutt those who attack you in melee.


Message History

Joseph is attracted toward you.
You barely miss Joseph.
Joseph unwields a +0 hunting sling.
Joseph wields a +0 quarterstaff.
Joseph hits you with a +0 quarterstaff!
You hit Joseph.
Joseph is lightly wounded.
Joseph closely misses you.
You hit Joseph.
Joseph is lightly wounded.
Joseph hits you with a +0 quarterstaff!
You slash Joseph!
Joseph is moderately wounded.
Joseph hits you with a +0 quarterstaff.
You closely miss Joseph. You headbutt Joseph!
Joseph is moderately wounded.
Joseph hits you with a +0 quarterstaff!
You are too injured to fight recklessly!
You are too injured to fight recklessly!
You are confused.
You feel invigorated. Joseph hits you with a +0 quarterstaff!
* * * LOW HITPOINT WARNING * * *
You feel less invigorated.
You feel less confused. Joseph closely misses you.
You hit Joseph.
Joseph is moderately wounded.
Joseph barely misses you.
You slash Joseph! Your headbutt misses Joseph.
Joseph is heavily wounded.
Joseph hits you with a +0 quarterstaff.
You hit Joseph. You headbutt Joseph, but do no damage.
Joseph is heavily wounded.
Joseph hits you with a +0 quarterstaff!
* * * LOW HITPOINT WARNING * * *
You barely miss Joseph. You headbutt Joseph!
Joseph is severely wounded.
Joseph misses you.
You closely miss Joseph. You headbutt Joseph.
Joseph is severely wounded.
Joseph hits you with a +0 quarterstaff!
You die...

#.# #.#
#.# #.#
#.# #.#
.######'##
.......@.#
.......@.#
........?#
.######+##


You could see Joseph.

Vanquished Creatures
  An ice beast (D:4)
  A centaur zombie (D:4)
  2 orc wizards
  A gnoll (D:1)
  5 adders
  A white imp (D:7)
  2 dart slugs
  10 orcs
  3 bat zombies (D:3)
  An endoplasm (D:1)
  A giant cockroach (D:3)
  3 goblins
  3 hobgoblins
  6 jackals
  3 quokkas (D:1)
  6 ball pythons
  6 bats
  3 frilled lizards (D:1)
  4 kobolds
  7 rats
69 creatures vanquished.

Notes
Turn   | Place    | Note
-------+----------+-------------------------------------------
     0 | D:1      | Crownlay the Minotaur Gladiator began the quest for the
                  | Orb.
     0 | D:1      | Reached XP level 1. HP: 18/18 MP: 0/0
   278 | D:1      | Reached skill level 4 in Long Blades
   430 | D:1      | Reached XP level 2. HP: 25/25 MP: 1/1
   567 | D:1      | Found a faded altar of an unknown god.
   864 | D:1      | Reached XP level 3. HP: 31/31 MP: 2/2
  1990 | D:3      | Reached skill level 5 in Long Blades
  2114 | D:3      | Reached XP level 4. HP: 8/38 MP: 3/3
  2366 | D:3      | Found Hymobur's General Store.
  2369 | D:3      | Bought a scroll of identify for 24 gold pieces
  2369 | D:3      | Bought a potion of attraction for 36 gold pieces
  2646 | D:3      | Found Dupuzir's Assorted Antiques.
  2732 | D:3      | Bought a scroll labelled NESIDEUMUJ for 27 gold pieces
  2732 | D:3      | Bought a scroll labelled KEUMAA ARCHUCK for 27 gold pieces
  2894 | D:3      | Found an ancient bone altar of Kikubaaqudgha.
  3033 | D:4      | Reached XP level 5. HP: 41/46 MP: 4/4
  3132 | D:4      | Noticed an ice beast
  3151 | D:4      | Killed an ice beast
  3152 | D:4      | Reached skill level 6 in Long Blades
  3415 | D:4      | You fall into a shaft and drop 3 floors!
  3415 | D:7      | Found Qickou's Elemental Accessories.
  3422 | D:7      | Reached XP level 6. HP: 47/52 MP: 5/5
  3757 | D:7      | Noticed Joseph
  3771 | D:7      | Slain by Joseph

Illustrated notes

Levels and vault maps discovered:
D:1:      minmay_arrival_jagged, layout_basic,
          hellmonk_ecumenical_altar_inner_sanctum, minmay_strange_pillars,
          serial_bayou_pond_e, palyth_stone_intersect
D:2:      layout_basic
D:3:      layout_loops_ring, lemuel_zombie_altar_kikubaaqudgha, serial_shops,
          nicolae_shop_window_shopping, shop, minmay_between
D:4:      layout_rooms
D:7:      layout_basic, minmay_misc_feat_nine_boxes, nicolae_elemental_shop,
          uniq_menkaure, uniq_joseph

Skill      XL: |  1  2  3  4  5 |
---------------+----------------+-----
Long Blades    | 4 5 6 |  6.3
Fighting       | 3 4 |  4.2
Throwing       | 3 |  3.9
Dodging        | |  3.2

Action                   |  1- 3 |  4- 6 || total
-------------------------+-------+-------++-------
Melee: Long sword        |    76 |    94 ||   170
       Headbutt          |     8 |    20 ||    28
       Punch             |     1 |     3 ||     4
  Use: Potion            |     1 |     3 ||     4
       Scroll            |       |     4 ||     4
Armor: Leather armour    |    25 |    16 ||    41
       Ring mail         |       |    29 ||    29
Dodge: Dodged            |    62 |    72 ||   134

Table legend: (Time is in decaauts)
 A = Elapsed time spent in this place.
 B = Non-inter-level travel time spent in this place.
 C = Inter-level travel time spent in this place.
 D = Time resting spent in this place.
 E = Time spent auto-exploring this place.
 F = Levels seen in this place.
 G = Mean time per level.
                   A        B        C        D        E       F      G
               +--------+--------+--------+--------+--------+-----+--------+
         Total |   3794 |   3756 |     38 |      0 |   3243 |   5 |  758.8 |
       Dungeon |   3794 |   3756 |     38 |      0 |   3243 |   5 |  758.8 |
               +--------+--------+--------+--------+--------+-----+--------+

Top non-repeatable levels by time:
     D:3: 1423 daAuts
     D:1: 954 daAuts
     D:2: 616 daAuts
     D:4: 441 daAuts
     D:7: 359 daAuts
